 Dungeon Crawl Stone Soup version 0.29.0-11-gd7f09526c8 (webtiles) character file.

Game seed: 17988940958626720050

4 greasedhog the Cudgeller (level 1, -2/28 HPs)
             Began as a Meteoran Berserker on Sept 6, 2022.
             Was a Follower of Trog.
             Killed from afar by Jessica (19 damage)
             ... with a bolt of dispelling energy
             ... on level 2 of the Dungeon.
             The game lasted 00:00:24 (48 turns).

greasedhog the Cudgeller (Meteoran Berserker)         Turns: 48, Time: 00:00:24

Health: -2/28      AC:  2    Str: 18    XL:     1   Next: 85%
Magic:  2/2        EV: 12    Int:  8    God:    Trog [*.....]
Gold:   13         SH:  0    Dex: 13    Spells: 0/0 levels left

rFire   . . .      SeeInvis .   a - +0 mace
rCold   . . .      Faith    .   (no shield)
rNeg    . . .      Spirit   .   b - +0 animal skin
rPois   .          Reflect  .   (no helmet)
rElec   .          Harm     .   (no cloak)
rCorr   .          Rampage  .   (no gloves)
Will    .....                   (no boots)
Stlth   ..........              (no amulet)
HPRegen 0.09/turn               (no ring)
MPRegen 0.08/turn               (no ring)

@: berserking, glowing, very quick
A: sense surroundings 1, otherworldly, glowing, explore regen
a: Renounce Religion, Berserk


You were on level 2 of the Dungeon.
You worshipped Trog.
Trog was aware of your devotion.
You visited 1 branch of the dungeon, and saw 2 of its levels.

You collected 13 gold pieces.

Inventory:

Hand Weapons
 a - a +0 mace (weapon)
Armour
 b - a +0 animal skin (worn)


   Skills:
 * Level 3.4 Fighting
 * Level 4.2 Maces & Flails
 - Level 2.4 Armour
 - Level 2.4 Dodging


You couldn't memorise any spells.
You didn't know any spells.
Your spell library was empty.

Dungeon Overview and Level Annotations

Branches:
Dungeon (2/15) Zot: 1150

Altars:

Annotations:
D:2 Jessica


Innate Abilities, Weirdness & Mutations

You passively map a small area around you.
You are easily found by Zot.
You glow in the dark.
You regain HP and MP as you explore.


Message History

A goblin comes into view. It is wielding a +0 club.
The goblin shouts!
You see here 13 gold pieces.
You now have 13 gold pieces.
You closely miss the goblin. The goblin hits you with a +0 club.
You sock the goblin!
You kill the goblin!
Trog accepts your kill.
Found 9 stones and a scroll labelled JOCSUH GUUGGY.
There is a stone staircase leading down here.
You see here a +0 club.
You climb downwards.
HP restored.
There is a stone staircase leading up here.
You hit the endoplasm.
The endoplasm is severely wounded.
The endoplasm freezes you.
You are frozen.
You hit the endoplasm.
You kill the endoplasm!
Trog accepts your kill.
A quokka comes into view.
Found a stone staircase leading down.
The quokka bites you.
You hit the quokka.
The quokka is moderately wounded.
The quokka bites you. x2
You sock the quokka!
You kill the quokka!
Trog accepts your kill.
A quokka comes into view.
Jessica and an orc come into view.
Jessica is wielding a +4 vampiric dagger, wearing a +2 robe of fire resistance and carrying a wand of quicksilver (10).
Jessica shouts!
The orc shouts!
Jessica casts a spell.
Jessica blinks!
A red film seems to cover your vision as you go berserk!
You feel yourself moving faster!
You feel mighty!
Jessica zaps a wand.
The bolt of dispelling energy hits you!!
Ouch! That really hurt!
You die...

* , * * , *
#####,, * .>. , *
, , , , ..., **
#.#####.####..#
#........@..o.. *
#######@#######
....r..........
#######.#######
#########
#...........
#.......#
#.##.#######
#.......# #.##.#
,, * #.......#
#.##.# **
#.......#####.##.#
#....<........##.#
**


You could see Jessica, an orc and a quokka.

Vanquished Creatures
  An endoplasm (D:2)
  A goblin (D:1)
  A quokka (D:2)
3 creatures vanquished.

Notes
Turn   | Place    | Note
-------+----------+-------------------------------------------
     0 | D:1      | greasedhog the Meteoran Berserker began the quest for the
                  | Orb.
     0 | D:1      | Reached XP level 1. HP: 19/19 MP: 2/2
    47 | D:2      | Noticed Jessica
    48 | D:2      | Killed from afar by Jessica

Illustrated notes

Levels and vault maps discovered:
D:1:      sevenhm_arrival_forest_fort_small_4, layout_rooms
D:2:      layout_basic, uniq_crazy_yiuf_cottage, uniq_sigmund, uniq_terence,
          uniq_jessica

Action                   || total
-------------------------++-------
Melee: Mace              ||     6
Invok: Berserk           ||     1
